 Dungeon Crawl Stone Soup version 0.16.1-11-g651b585 (webtiles) character file.

188 Radiman the Digger (level 5, -3/28 HPs)
             Began as a Gargoyle Earth Elementalist on Apr 3, 2015.
             Killed from afar by an orc wizard (6 damage)
             ... with a magic dart
             ... on level 2 of the Dungeon.
             The game lasted 00:14:58 (3668 turns).

Radiman the Digger (Gargoyle Earth Elementalist)    Turns: 3668, Time: 00:15:00

Health: -3/28      AC:  8    Str: 11    XL:     5   Next: 67%
Magic:  1/11       EV: 12    Int: 16    God:
Gold:   119        SH:  0    Dex: 11    Spells: 3 memorised, 4 levels left

rFire  . . .     SeeInvis .     q - +0 flail
rCold  . . .     Clarity  .     c - +0 robe
rNeg   + . .     SustAb   .     (no shield)
rPois  ∞         Gourm    .     (no helmet)
rElec  +         Spirit   .     h - +1 cloak
rCorr  .         Warding  .     (no gloves)
rMut   .         Stasis   .     (no boots)
MR     .....                    (no amulet)
Stlth  ++........               (no ring)
                                (no ring)

@: not resistant to hostile enchantments, unstealthy
A: negative energy resistance 1, electricity resistance, unbreathing,
petrification resistance, rot immunity, AC +4
a: no special abilities


You were on level 2 of the Dungeon.
You were hungry.

You visited 1 branch of the dungeon, and saw 4 of its levels.

You collected 119 gold pieces.

Inventory:

Hand weapons
 q - a +0 flail (weapon)
Missiles
 b - 95 stones (quivered)
Armour
 c - a +0 robe (worn)
 h - a +1 cloak (worn)
 p - a +2 buckler
Magical devices
 m - a wand of random effects (19)
 t - a wand of paralysis (13)
Scrolls
 f - 2 scrolls of magic mapping
 g - 6 scrolls of identify
 i - a scroll of enchant armour
 j - a scroll of remove curse
 k - a scroll of teleportation
 s - a scroll of recharging {unknown}
Potions
 e - a potion of invisibility
 n - 3 potions of curing
Books
 d - a book of Geomancy

   Spells                             Type                      Level
   a - Sandblast                      Earth                        1
   b - Stoneskin                      Transmutation/Earth          2
   c - Passwall                       Transmutation/Earth          3
   d - Stone Arrow                    Conjuration/Earth            3
   e - Petrify                        Transmutation/Earth          4
   f - Lee's Rapid Deconstruction     Earth                        5
Comestibles
 a - 3 bread rations
 l - a slice of pizza
 o - a beef jerky


   Skills:
 - Level 1.5 Dodging
 - Level 2.1 Stealth
 - Level 3.3 Spellcasting
 * Level 2.7 Conjurations
 - Level 0.7 Transmutations
 + Level 5.5 Earth Magic


You had 4 spell levels left.
You knew the following spells:

 Your Spells              Type           Power        Failure   Level  Hunger
a - Sandblast             Erth           ###...       1%          1    None
b - Stoneskin             Trmt/Erth      ##......     10%         2    ##.....
c - Stone Arrow           Conj/Erth      ###...       12%         3    ###....


Dungeon Overview and Level Annotations

Branches:
Dungeon (4/15)
 Temple: D:4-7

Altars:
Gozag
Nemelex Xobeh
Yredelemnul
Zin


Innate Abilities, Weirdness & Mutations

You are resistant to torment.
You are immune to poison.
Your stone body is very resilient (AC +4).
You resist negative energy.
You are resistant to electric shocks.
You can survive without breathing.
You are immune to petrification.
You are immune to rotting.


Message History

You hear some strange, mumbled words.
You feel a wave of unholy energy pass over you.
Something hits you but does no damage.
You closely miss something. Something hits you but does no damage.
Something hits you but does no damage.
You miss something.
You hear some strange, mumbled words.
The magic dart hits you! Something hits you but does no damage.
You hit something but do no damage. Something hits you but does no damage.
Something hits you.
* * * LOW HITPOINT WARNING * * *
You miss something. Something barely misses you.
Something hits you but does no damage.
You barely miss something.
You hear some strange, mumbled words.
The puff of frost hits you!
* * * LOW HITPOINT WARNING * * *
You hear some strange, mumbled words.
The magic dart hits you!
You die...

##### #### #...# ### #... #...#
#.###### #.##
#######...####.{....# #.#
..........+.....@.#+##########.#
#.........####..........(....#.#
#............................#.#
#............................#.#
#............................#.#
..#..........................#.#
...............#.#...........'.#
.##########....#.#...........###
.)........#....#.#...........#


There were no monsters in sight!

Vanquished Creatures
  2 orc priests
  4 gnolls (D:3)
  An adder (D:3)
  A giant mite (D:2)
  A giant gecko (D:1)
  10 orcs
  A ball python (D:2)
  3 giant cockroaches (D:2)
  9 hobgoblins
  6 kobolds
  8 bats
  3 giant newts
  9 goblins
  4 rats
62 creatures vanquished.

Notes
Turn   | Place    | Note
--------------------------------------------------------------
     0 | D:1      | Radiman, the Gargoyle Earth Elementalist, began the quest for the Orb.
     0 | D:1      | Reached XP level 1. HP: 10/10 MP: 3/3
   298 | D:1      | Reached XP level 2. HP: 7/15 MP: 0/5
   460 | D:1      | Learned a level 2 spell: Stoneskin
  1737 | D:2      | Found a glowing silver altar of Zin.
  1740 | D:2      | Reached XP level 3. HP: 19/19 MP: 4/7
  2244 | D:2      | Reached skill level 4 in Earth Magic
  2309 | D:3      | Learned a level 3 spell: Stone Arrow
  2405 | D:2      | Reached XP level 4. HP: 8/24 MP: 0/9
  2416 | D:2      | Reached skill level 5 in Earth Magic
  2560 | D:3      | Found a basalt altar of Yredelemnul.
  2655 | D:3      | Reached skill level 1 in Conjurations
  2655 | D:3      | Reached XP level 5. HP: 23/28 MP: 8/11
  2689 | D:3      | Found an opulent altar of Gozag.
  2689 | D:3      | Found a sparkling altar of Nemelex Xobeh.
  3668 | D:2      | Killed from afar by an orc wizard

Action                   |  1- 3 |  4- 6 || total
-------------------------+-------+-------++-------
Melee: Unarmed           |    22 |    12 ||    34
       Flail             |       |    18 ||    18
 Cast: Sandblast         |    84 |    94 ||   178
  Use: Scroll            |     6 |       ||     6
       Potion            |       |     1 ||     1
  Eat: Chunk             |     4 |     4 ||     8
